Lightning vs Blues

Created - February 15, 2020 at 19:13

Goals
1 2 3 T
Lightning 1 0 2 3
Blues 1 0 4 5
Shots
1 2 3 T
Lightning 9 5 12 26
Blues 12 10 11 33

1st period

1. Lightning , Kris Versteeg 19 (Mark Scheifele 8, Jaden Schwartz 29) at 5:23
2. Blues , Alex Pietrangelo 14 (Filip Forsberg 17) at 8:25

Penalties :
Alex Pietrangelo (STL) for Holding (Minor) at 0:49, Pierre-Luc Létourneau (TB.) for Holding (Minor) at 13:34

2nd period

No Goal

Penalties :
Kris Versteeg (TB.) for High sticking (Double Minor) at 13:45

3rd period

3. Lightning , Rasmus Ristolainen 13 (James Wright 8, Daniel Carcillo 19) at 4:14
4. Blues , Alex Pietrangelo 15 (Jake Gardiner 21) at 9:14 (PP)
5. Blues , Sergei Shirokov 13 (Alex Pietrangelo 44, Jean-Gabriel Pageau 9) at 12:36 (PP)
6. Lightning , Mark Scheifele 4 (Patrick Kaleta 9, Jon Merrill 13) at 16:25 (SH)
7. Blues , Jordan Eberle 17 (Alex Pietrangelo 45, Nicklas Backstrom 35) at 17:03 (PP)
8. Blues , Sergey Kalinin 1 (Jordan Eberle 28, Jake Gardiner 22) at 19:31 (Empty Net)

Penalties :
Justin Schultz (TB.) for Hooking (Minor) at 0:22, Nikita Kucherov (TB.) for Interference (Minor) at 7:58, Rasmus Ristolainen (TB.) for Interference (Minor) at 11:57, Nikita Kucherov (TB.) for Elbowing (Minor) at 15:45, Daniel Carcillo (TB.) for Holding (Minor) at 19:51

Goalie Stats

Jaroslav Halak (TB.), 28 saves from 32 shots - (0.875), L, 17-19-3, 59:16 minutes
Carey Price (STL), 23 saves from 26 shots - (0.885), W, 18-17-4, 60:00 minutes

Players Stats for Lightning

Player Name              G  A  P  +/- PIM S  H  SB GA TA FO     MP     PP MP  PK MP  
------------------------------------------------------------------------------------
Andy Rogers              0  0  0   3  0   2  0  2  0  0  0/0    24:40   0:49   8:00 
Cameron Schilling        0  0  0   0  0   0  0  1  0  0  0/0    11:23   0:00   0:37 
Daniel Carcillo          0  1  1  -1  2   0  3  1  0  0  0/0    16:25   0:00   6:03 
Henrik Zetterberg        0  0  0   0  0   3  1  1  0  0  1/4    20:08   1:04   2:39 
Jack Skille              0  0  0   0  0   0  0  0  0  0  0/0     7:17   0:00   0:00 
Jaden Schwartz           0  1  1   1  0   5  1  0  0  0  0/0    13:42   0:55   0:09 
James Wright             0  1  1  -1  0   0  1  0  0  1  1/5    10:48   0:00   0:25 
Jon Merrill              0  1  1   0  0   1  0  1  0  4  0/0    28:29   1:10   7:46 
Justin Schultz           0  0  0  -2  2   1  1  3  0  1  0/0    23:51   0:49   2:30 
Kris Versteeg            1  0  1   0  4   2  1  0  0  0  1/1    14:25   1:04   0:00 
Mark Scheifele           1  1  2   1  0   6  0  0  0  0  11/16  18:25   0:55   4:12 
Mikael Backlund          0  0  0   0  0   1  1  0  0  0  3/3     7:17   0:00   0:00 
Nikita Kucherov          0  0  0   1  4   0  0  1  1  0  0/0    16:27   0:55   0:00 
Patrick Kaleta           0  1  1   0  0   0  0  0  0  0  0/0    12:50   0:00   2:27 
Pierre-Luc Létourneau    0  0  0   0  2   0  1  0  0  0  1/1     7:20   0:00   0:00 
Rasmus Ristolainen       1  0  1   2  2   2  1  0  2  0  0/0    16:43   1:10   0:11 
Theo Peckham             0  0  0  -1  0   0  0  0  1  0  0/0    14:55   0:00   3:32 
Tyler Johnson            0  0  0   1  0   3  0  1  0  1  22/40  23:30   1:04   6:41 

Players Stats for Blues

Player Name              G  A  P  +/- PIM S  H  SB GA TA FO     MP     PP MP  PK MP  
------------------------------------------------------------------------------------
Alex Pietrangelo         2  2  4   0  2   3  1  0  1  1  0/0    25:44   7:17   0:00 
Cody Ceci                0  0  0   0  0   1  0  1  0  0  0/0    11:19   0:00   1:23 
David Perron             0  0  0   0  0   4  2  0  3  0  1/2    22:59   6:32   0:00 
Dougie Hamilton          0  0  0  -1  0   1  1  1  0  1  0/0    15:27   4:01   0:38 
Filip Forsberg           0  1  1  -2  0   1  1  0  0  0  0/0    15:59   4:43   0:14 
Gustav Nyquist           0  0  0   0  0   3  0  0  0  0  0/0     8:35   0:13   0:00 
Jake Gardiner            0  2  2   0  0   2  1  1  0  2  0/0    25:44   7:17   0:36 
Jean-Gabriel Pageau      0  1  1  -2  0   3  2  0  0  0  8/21   16:27   4:33   0:52 
Jordan Eberle            1  1  2   1  0   5  3  0  0  0  0/1    24:26   6:32   0:53 
Kyle Clifford            0  0  0   1  0   1  1  0  1  0  0/1    11:08   0:03   0:00 
Nicklas Backstrom        0  1  1   0  0   1  4  0  2  0  18/33  22:59   6:32   0:00 
Reilly Smith             0  0  0   0  0   1  0  0  0  0  0/0    10:34   0:03   0:00 
Sergei Shirokov          1  0  1  -2  0   2  0  1  0  0  0/1    15:45   4:43   0:00 
Sergey Kalinin           1  0  1   1  0   2  1  0  0  0  1/4     9:50   0:00   1:07 
Shayne Gostisbehere      0  0  0  -1  0   0  0  2  0  0  0/0    21:21   4:01   0:45 
Simon Gagné              0  0  0   0  0   3  0  0  0  0  0/0     9:01   0:00   0:52 
Tomas Plekanec           0  0  0   0  0   0  2  0  0  0  2/7    10:18   0:00   0:00 
Yann Sauvé               0  0  0   0  0   0  0  2  0  0  0/0    20:24   0:00   0:36 

3 Stars

1 - Alex Pietrangelo (STL)
2 - Jordan Eberle (STL)
3 - Sergey Kalinin (STL)

Power Play

Lightning - 0 on 1 Attempt(s) - 0.00%
Blues - 3 on 8 Attempt(s) - 37.50%

Penalty Kill

Lightning - 5 on 8 Attempt(s) - 62.50% - Score 1 goal in Penalty Kill
Blues - 1 on 1 Attempt(s) - 100.00% - Score 0 goal in Penalty Kill

Team Stat

Lightning - Hits : 11 - Faceoff Wins : 40 - Blocked Shots : 11 - Penalty Minutes : 16
Blues - Hits : 19 - Faceoff Wins : 30 - Blocked Shots : 8 - Penalty Minutes : 2

Official

Referees : Unknown
Linesman : Unknown

Game Notes

Sergey Kalinin has scored in a empty net!

Finance

Level 1 -- Attendance: 5122 (85.37%) -- Ticket Income $563,420
Level 2 -- Attendance: 3847 (76.94%) -- Ticket Income $276,984
Level 3 -- Attendance: 1707 (85.35%) -- Ticket Income $76,815
Level 4 -- Attendance: 3377 (84.43%) -- Ticket Income $101,310
Luxury Box -- Attendance: 764 (76.40%) -- Ticket Income $152,800
Game was played at the Scotttrade center.
Total Attendance: 14817 (82.32%)
Total Ticket Income: $1,171,329
Other Income: $175,699
Total Income: $1,347,028

Lightning

5 vs 5 Forward 
   Center                   Left Wing                Right Wing               Time % Phy DF OF 
 1 Tyler Johnson            Henrik Zetterberg        Nikita Kucherov          40     0   2  3  
 2 Mark Scheifele           Jaden Schwartz           Kris Versteeg            35     0   2  3  
 3 James Wright             Daniel Carcillo          Patrick Kaleta           20     1   2  2  
 4 Mikael Backlund          Pierre-Luc Létourneau    Jack Skille              5      1   2  2  

5 vs 5 Defense 
   Defense                  Defense                                           Time % Phy DF OF 
 1 Justin Schultz           Jon Merrill                                       40     0   2  3  
 2 Andy Rogers              Rasmus Ristolainen                                30     0   2  3  
 3 Cameron Schilling        Theo Peckham                                      20     1   3  1  
 4 Justin Schultz           Jon Merrill                                       10     0   2  3  

PowerPlay Forward 
   Center                   Left Wing                Right Wing               Time % Phy DF OF 
 1 Tyler Johnson            Henrik Zetterberg        Kris Versteeg            50     0   1  4  
 2 Mark Scheifele           Jaden Schwartz           Nikita Kucherov          50     0   1  4  

PowerPlay Defense
   Defense                  Defense                                           Time % Phy DF OF 
 1 Jon Merrill              Rasmus Ristolainen                                60     0   1  4  
 2 Justin Schultz           Andy Rogers                                       40     0   2  3  

Penalty Kill 4 Players Forward 
   Center                   Wing                     Time % Phy DF OF 
 1 Tyler Johnson            Daniel Carcillo          60     1   3  1  
 2 Mark Scheifele           Patrick Kaleta           40     1   3  1  

Penalty Kill 4 Players Defense
   Defense                  Defense                  Time % Phy DF OF 
 1 Andy Rogers              Jon Merrill              60     1   3  1  
 2 Justin Schultz           Theo Peckham             40     1   3  1  

Penalty Kill - 3 Players Forward 
   Forward                                           Time % Phy DF OF 
 1 Tyler Johnson                                     60     1   3  1  
 2 Mark Scheifele                                    40     1   3  1  

Penalty Kill - 3 Players Defense
   Defense                  Defense                  Time % Phy DF OF 
 1 Andy Rogers              Jon Merrill              60     1   3  1  
 2 Justin Schultz           Theo Peckham             40     1   3  1  

4 vs 4 Forward 
   Center                   Wing                     Time % Phy DF OF 
 1 Tyler Johnson            Nikita Kucherov          60     0   2  3  
 2 Mark Scheifele           Kris Versteeg            40     1   2  2  

4 vs 4 Defense
   Defense                  Defense                  Time % Phy DF OF 
 1 Justin Schultz           Jon Merrill              60     0   2  3  
 2 Andy Rogers              Rasmus Ristolainen       40     1   2  2  

Last Minutes Offensive
   Center                   Left Wing                Right Wing               Defense                  Defense                  
   Mark Scheifele           Henrik Zetterberg        Kris Versteeg            Justin Schultz           Rasmus Ristolainen       

Last Minutes Defensive
   Center                   Left Wing                Right Wing               Defense                  Defense                  
   Tyler Johnson            Daniel Carcillo          Patrick Kaleta           Andy Rogers              Jon Merrill              

Goaltenders
Starting : Jaroslav Halak           
Backup : Jhonas Enroth            

Extra Forwards
Normal : Jaden Schwartz, Kris Versteeg, Nikita Kucherov - PP : Daniel Carcillo, Patrick Kaleta - PK : Daniel Carcillo
Extra Defensemen
Normal : Theo Peckham, Cameron Schilling, Jon Merrill - PP : Theo Peckham - PK : Cameron Schilling, Theo Peckham
Penalty Shots
Mark Scheifele, Kris Versteeg, Nikita Kucherov, Jaden Schwartz, Tyler Johnson

Scratches
Paul Ranger (Healthy), Tyler Cuma (Fractured Bone in Right Hand Injury)

Blues

5 vs 5 Forward 
   Center                   Left Wing                Right Wing               Time % Phy DF OF 
 1 Nicklas Backstrom        David Perron             Jordan Eberle            40     1   2  2  
 2 Jean-Gabriel Pageau      Filip Forsberg           Sergei Shirokov          30     1   2  2  
 3 Tomas Plekanec           Kyle Clifford            Reilly Smith             20     1   2  2  
 4 Sergey Kalinin           Simon Gagné              Gustav Nyquist           10     1   2  2  

5 vs 5 Defense 
   Defense                  Defense                                           Time % Phy DF OF 
 1 Alex Pietrangelo         Yann Sauvé                                        40     1   2  2  
 2 Shayne Gostisbehere      Jake Gardiner                                     30     1   2  2  
 3 Cody Ceci                Dougie Hamilton                                   20     1   2  2  
 4 Yann Sauvé               Jake Gardiner                                     10     1   2  2  

PowerPlay Forward 
   Center                   Left Wing                Right Wing               Time % Phy DF OF 
 1 Nicklas Backstrom        David Perron             Jordan Eberle            60     1   2  2  
 2 Jean-Gabriel Pageau      Filip Forsberg           Sergei Shirokov          40     1   2  2  

PowerPlay Defense
   Defense                  Defense                                           Time % Phy DF OF 
 1 Alex Pietrangelo         Jake Gardiner                                     60     1   2  2  
 2 Shayne Gostisbehere      Dougie Hamilton                                   40     1   2  2  

Penalty Kill 4 Players Forward 
   Center                   Wing                     Time % Phy DF OF 
 1 Sergey Kalinin           Jordan Eberle            60     1   2  2  
 2 Jean-Gabriel Pageau      Simon Gagné              40     1   2  2  

Penalty Kill 4 Players Defense
   Defense                  Defense                  Time % Phy DF OF 
 1 Alex Pietrangelo         Cody Ceci                60     1   2  2  
 2 Jake Gardiner            Yann Sauvé               40     1   2  2  

Penalty Kill - 3 Players Forward 
   Forward                                           Time % Phy DF OF 
 1 Sergey Kalinin                                    60     1   2  2  
 2 Jordan Eberle                                     40     1   2  2  

Penalty Kill - 3 Players Defense
   Defense                  Defense                  Time % Phy DF OF 
 1 Alex Pietrangelo         Cody Ceci                60     1   2  2  
 2 Jake Gardiner            Yann Sauvé               40     1   2  2  

4 vs 4 Forward 
   Center                   Wing                     Time % Phy DF OF 
 1 Nicklas Backstrom        David Perron             60     1   2  2  
 2 Jean-Gabriel Pageau      Jordan Eberle            40     1   2  2  

4 vs 4 Defense
   Defense                  Defense                  Time % Phy DF OF 
 1 Alex Pietrangelo         Cody Ceci                60     1   2  2  
 2 Jake Gardiner            Shayne Gostisbehere      40     1   2  2  

Last Minutes Offensive
   Center                   Left Wing                Right Wing               Defense                  Defense                  
   Nicklas Backstrom        David Perron             Jordan Eberle            Alex Pietrangelo         Jake Gardiner            

Last Minutes Defensive
   Center                   Left Wing                Right Wing               Defense                  Defense                  
   Sergey Kalinin           Kyle Clifford            Jordan Eberle            Yann Sauvé               Cody Ceci                

Goaltenders
Starting : Carey Price              
Backup : Pascal Leclaire          

Extra Forwards
Normal : Jean-Gabriel Pageau, Sergey Kalinin, Jordan Eberle - PP : Gustav Nyquist, Nicklas Backstrom - PK : Filip Forsberg
Extra Defensemen
Normal : Shayne Gostisbehere, Cody Ceci, Jake Gardiner - PP : Shayne Gostisbehere - PK : Shayne Gostisbehere, Jake Gardiner
Penalty Shots
David Perron, Jordan Eberle, Nicklas Backstrom, Filip Forsberg, Sergei Shirokov

Scratches
Drew Shore (Broken Right Thumb Injury), D.J King (Healthy)

% Time on Ice - Lightning

Lines # - Real PCT - Wanted PCT - Time Play
Normal Forward
1 - 34% - 40% - 15:48
2 - 27% - 35% - 12:38
3 - 23% - 20% - 10:23
4 - 16% - 5% - 7:17
Normal Defense
1 - 40% - 40% - 18:18
2 - 34% - 30% - 15:47
3 - 23% - 20% - 10:46
4 - 3% - 10% - 1:15
PP Forward
1 - 54% - 50% - 1:04
2 - 46% - 50% - 0:55
PP Defense
1 - 59% - 60% - 1:10
2 - 41% - 40% - 0:49
PK Forward
1 - 78% - 60% - 8:51
2 - 22% - 40% - 2:27
PK Defense
1 - 69% - 60% - 7:46
2 - 31% - 40% - 3:32
PK3 Forward
1 - 0% - 60%
2 - 0% - 40%
PK3 Defense
1 - 0% - 60%
2 - 0% - 40%
44 Forward
1 - 0% - 60%
2 - 0% - 40%
44 Defense
1 - 0% - 60%
2 - 0% - 40%
Last Minute Offensive  - 0:37
Last Minute Defensive  - 0:00
Total
Forward - 60:00
Defense - 60:00

% Time on Ice - Blues

Lines # - Real PCT - Wanted PCT - Time Play
Normal Forward
1 - 36% - 40% - 16:40
2 - 24% - 30% - 11:02
3 - 22% - 20% - 10:18
4 - 18% - 10% - 8:09
Normal Defense
1 - 40% - 40% - 18:28
2 - 35% - 30% - 16:01
3 - 22% - 20% - 9:56
4 - 4% - 10% - 1:44
PP Forward
1 - 58% - 60% - 6:35
2 - 42% - 40% - 4:43
PP Defense
1 - 64% - 60% - 7:17
2 - 36% - 40% - 4:01
PK Forward
1 - 56% - 60% - 1:07
2 - 44% - 40% - 0:52
PK Defense
1 - 70% - 60% - 1:23
2 - 30% - 40% - 0:36
PK3 Forward
1 - 0% - 60%
2 - 0% - 40%
PK3 Defense
1 - 0% - 60%
2 - 0% - 40%
44 Forward
1 - 0% - 60%
2 - 0% - 40%
44 Defense
1 - 0% - 60%
2 - 0% - 40%
Last Minute Offensive  - 0:00
Last Minute Defensive  - 0:34
Total
Forward - 60:00
Defense - 60:00

Play-by-Play

1st period


0:01 of 1st period - Tyler Johnson wins face-off versus Nicklas Backstrom in neutral zone.
0:49 of 1st period - Minor Penalty to Alex Pietrangelo for Holding.
0:50 of 1st period - Tyler Johnson wins face-off versus Sergey Kalinin in Blues zone.
2:16 of 1st period - Icing by Rasmus Ristolainen.
2:17 of 1st period - Tyler Johnson wins face-off versus Jean-Gabriel Pageau in Lightning zone.
2:48 of 1st period - Icing by Kris Versteeg.
2:49 of 1st period - Penalty to Alex Pietrangelo is over, Alex Pietrangelo is back on ice.
2:49 of 1st period - Tyler Johnson wins face-off versus Jean-Gabriel Pageau in Lightning zone.
3:10 of 1st period - Slapshot by Daniel Carcillo.
3:10 of 1st period - Shot Misses the Net.
3:12 of 1st period - Slapshot by Patrick Kaleta.
3:12 of 1st period - Shot Misses the Net.
4:05 of 1st period - Wrist shot by Simon Gagné.
4:05 of 1st period - Stopped by Jaroslav Halak without a rebound.
4:06 of 1st period - Mikael Backlund wins face-off versus Sergey Kalinin in Lightning zone.
4:53 of 1st period - Snap shot by Mikael Backlund.
4:53 of 1st period - Stopped by Carey Price with a rebound.
5:05 of 1st period - Wrist shot by Gustav Nyquist.
5:05 of 1st period - Stopped by Jaroslav Halak without a rebound.
5:06 of 1st period - Mark Scheifele wins face-off versus Jean-Gabriel Pageau in Lightning zone.
5:15 of 1st period - Snap shot by Mark Scheifele.
5:15 of 1st period - Stopped by Carey Price with a rebound.
5:21 of 1st period - Wrist shot by Mark Scheifele.
5:21 of 1st period - Stopped by Carey Price with a rebound.
5:23 of 1st period - Wrist shot by Kris Versteeg.
5:23 of 1st period - Goal by Kris Versteeg - Lightning : 1 - Blues : 0.
5:24 of 1st period - Nicklas Backstrom wins face-off versus Tyler Johnson in neutral zone.
5:27 of 1st period - Wrist shot by Jordan Eberle.
5:27 of 1st period - Shot Misses the Net.
5:46 of 1st period - Justin Schultz is hit by Nicklas Backstrom and loses puck.
5:56 of 1st period - Slapshot by Justin Schultz.
5:56 of 1st period - Shot Misses the Net.
6:00 of 1st period - Snap shot by Henrik Zetterberg.
6:00 of 1st period - Stopped by Carey Price with a rebound.
6:10 of 1st period - Wrist shot by Jordan Eberle.
6:10 of 1st period - Stopped by Jaroslav Halak with a rebound.
6:51 of 1st period - Wrist shot by Tyler Johnson.
6:51 of 1st period - Shot Misses the Net.
6:53 of 1st period - Slapshot by Justin Schultz.
6:53 of 1st period - Shot Blocked by Cody Ceci.
6:55 of 1st period - Snap shot by Tyler Johnson.
6:55 of 1st period - Stopped by Carey Price without a rebound.
6:56 of 1st period - Kris Versteeg wins face-off versus Jean-Gabriel Pageau in Blues zone.
6:59 of 1st period - Wrist shot by Kris Versteeg.
6:59 of 1st period - Stopped by Carey Price without a rebound.
7:00 of 1st period - Mark Scheifele wins face-off versus Jean-Gabriel Pageau in Blues zone.
7:27 of 1st period - Andy Rogers is hit by Tomas Plekanec and loses puck.
7:48 of 1st period - Wrist shot by Simon Gagné.
7:48 of 1st period - Stopped by Jaroslav Halak with a rebound.
7:52 of 1st period - Wrist shot by Sergey Kalinin.
7:52 of 1st period - Stopped by Jaroslav Halak without a rebound.
7:53 of 1st period - Sergey Kalinin wins face-off versus Mark Scheifele in Lightning zone.
8:25 of 1st period - Slapshot by Alex Pietrangelo.
8:25 of 1st period - Deflect By Justin Schultz.
8:25 of 1st period - Goal by Alex Pietrangelo - Lightning : 1 - Blues : 1.
8:26 of 1st period - Mark Scheifele wins face-off versus Sergei Shirokov in neutral zone.
8:31 of 1st period - Snap shot by Jaden Schwartz.
8:31 of 1st period - Stopped by Carey Price without a rebound.
8:32 of 1st period - Mark Scheifele wins face-off versus Jean-Gabriel Pageau in Blues zone.
8:44 of 1st period - Wrist shot by Filip Forsberg.
8:44 of 1st period - Shot Blocked by Justin Schultz.
8:48 of 1st period - Wrist shot by Jean-Gabriel Pageau.
8:48 of 1st period - Stopped by Jaroslav Halak without a rebound.
8:49 of 1st period - Tyler Johnson wins face-off versus Tomas Plekanec in Lightning zone.
9:38 of 1st period - Icing by Jake Gardiner.
9:39 of 1st period - Nicklas Backstrom wins face-off versus James Wright in Blues zone.
10:07 of 1st period - Wrist shot by Daniel Carcillo.
10:07 of 1st period - Shot Misses the Net.
10:33 of 1st period - Wrist shot by Daniel Carcillo.
10:33 of 1st period - Shot Misses the Net.
10:55 of 1st period - Jordan Eberle is hit by Daniel Carcillo and loses puck.
11:20 of 1st period - Wrist shot by Jordan Eberle.
11:20 of 1st period - Shot Blocked by Daniel Carcillo.
11:22 of 1st period - Slapshot by Jake Gardiner.
11:22 of 1st period - Deflect By Justin Schultz.
11:22 of 1st period - Stopped by Jaroslav Halak with a rebound.
11:34 of 1st period - Jordan Eberle is hit by Daniel Carcillo and loses puck.
11:51 of 1st period - Snap shot by David Perron.
11:51 of 1st period - Shot Misses the Net.
11:53 of 1st period - Snap shot by Jake Gardiner.
11:53 of 1st period - Shot Blocked by Justin Schultz.
11:55 of 1st period - Snap shot by David Perron.
11:55 of 1st period - Stopped by Jaroslav Halak with a rebound.
11:59 of 1st period - Slapshot by Jordan Eberle.
11:59 of 1st period - Shot Blocked by Jon Merrill.
12:01 of 1st period - Wrist shot by Jordan Eberle.
12:01 of 1st period - Stopped by Jaroslav Halak without a rebound.
12:02 of 1st period - Jean-Gabriel Pageau wins face-off versus Tyler Johnson in Lightning zone.
12:03 of 1st period - Slapshot by Alex Pietrangelo.
12:03 of 1st period - Deflect By Filip Forsberg.
12:03 of 1st period - Shot Blocked by Henrik Zetterberg.
12:03 of 1st period - Puck is out of play.
12:04 of 1st period - Jean-Gabriel Pageau wins face-off versus Tyler Johnson in Lightning zone.
12:17 of 1st period - Slapshot by Sergei Shirokov.
12:17 of 1st period - Shot Misses the Net.
12:59 of 1st period - Snap shot by Mark Scheifele.
12:59 of 1st period - Stopped by Carey Price without a rebound.
13:00 of 1st period - Mark Scheifele wins face-off versus Jean-Gabriel Pageau in Blues zone.
13:31 of 1st period - Snap shot by Reilly Smith.
13:31 of 1st period - Stopped by Jaroslav Halak without a rebound.
13:32 of 1st period - Pierre-Luc Létourneau wins face-off versus Tomas Plekanec in Lightning zone.
13:34 of 1st period - Minor Penalty to Pierre-Luc Létourneau for Holding.
13:35 of 1st period - Tyler Johnson wins face-off versus Jean-Gabriel Pageau in Lightning zone.
13:35 of 1st period - Tyler Johnson is hit by Jake Gardiner.
13:47 of 1st period - Icing by Filip Forsberg.
13:48 of 1st period - Jean-Gabriel Pageau wins face-off versus Tyler Johnson in Blues zone.
15:34 of 1st period - Penalty to Pierre-Luc Létourneau is over, Pierre-Luc Létourneau is back on ice.
15:48 of 1st period - Kyle Clifford is hit by Pierre-Luc Létourneau.
16:12 of 1st period - Wrist shot by Gustav Nyquist.
16:12 of 1st period - Stopped by Jaroslav Halak without a rebound.
16:13 of 1st period - Tyler Johnson wins face-off versus Tomas Plekanec in Lightning zone.
16:25 of 1st period - Icing by Kyle Clifford.
16:26 of 1st period - Tyler Johnson wins face-off versus Tomas Plekanec in Blues zone.
16:49 of 1st period - Kris Versteeg is hit by Jean-Gabriel Pageau and loses puck.
17:24 of 1st period - Wrist shot by Mikael Backlund.
17:24 of 1st period - Shot Misses the Net.
18:01 of 1st period - Kyle Clifford is hit by Kris Versteeg and loses puck.
18:56 of 1st period - Theo Peckham is hit by Jordan Eberle and loses puck.
Goals for this period are 1 for Lightning vs 1 for Blues.
Shots for this period are 9 for Lightning vs 12 for Blues.

2nd period


0:01 of 2nd period - Jean-Gabriel Pageau wins face-off versus Tyler Johnson in neutral zone.
0:49 of 2nd period - Snap shot by Gustav Nyquist.
0:49 of 2nd period - Shot Misses the Net.
1:00 of 2nd period - Slapshot by Simon Gagné.
1:00 of 2nd period - Shot Blocked by Andy Rogers.
1:02 of 2nd period - Backhand shot by Cody Ceci.
1:02 of 2nd period - Stopped by Jaroslav Halak without a rebound.
1:03 of 2nd period - Tyler Johnson wins face-off versus Jean-Gabriel Pageau in Lightning zone.
1:17 of 2nd period - Icing by Justin Schultz.
1:18 of 2nd period - David Perron wins face-off versus Henrik Zetterberg in Lightning zone.
1:21 of 2nd period - Slapshot by Alex Pietrangelo.
1:21 of 2nd period - Shot Misses the Net.
1:45 of 2nd period - Wrist shot by Mark Scheifele.
1:45 of 2nd period - Deflect By Kris Versteeg.
1:45 of 2nd period - Shot Misses the Net.
1:45 of 2nd period - Puck is out of play.
1:46 of 2nd period - Mark Scheifele wins face-off versus Jean-Gabriel Pageau in Blues zone.
2:13 of 2nd period - Andy Rogers is hit by David Perron and loses puck.
3:25 of 2nd period - Cameron Schilling is hit by Jean-Gabriel Pageau and loses puck.
3:58 of 2nd period - James Wright is hit by Tomas Plekanec.
4:18 of 2nd period - Backhand shot by Justin Schultz.
4:18 of 2nd period - Stopped by Carey Price with a rebound.
6:05 of 2nd period - Slapshot by Jean-Gabriel Pageau.
6:05 of 2nd period - Stopped by Jaroslav Halak with a rebound.
6:22 of 2nd period - Patrick Kaleta is hit by Alex Pietrangelo and loses puck.
6:51 of 2nd period - Reilly Smith is hit by Justin Schultz.
7:14 of 2nd period - Slapshot by Jaden Schwartz.
7:14 of 2nd period - Stopped by Carey Price with a rebound.
7:16 of 2nd period - Slapshot by Jon Merrill.
7:16 of 2nd period - Stopped by Carey Price without a rebound.
7:17 of 2nd period - Nicklas Backstrom wins face-off versus Tyler Johnson in Blues zone.
7:45 of 2nd period - Wrist shot by Sergei Shirokov.
7:45 of 2nd period - Shot Blocked by Cameron Schilling.
7:47 of 2nd period - Wrist shot by Jean-Gabriel Pageau.
7:47 of 2nd period - Stopped by Jaroslav Halak without a rebound.
7:48 of 2nd period - Jean-Gabriel Pageau wins face-off versus Mark Scheifele in Lightning zone.
8:08 of 2nd period - Justin Schultz is hit by Dougie Hamilton and loses puck.
8:11 of 2nd period - Snap shot by Mark Scheifele.
8:11 of 2nd period - Stopped by Carey Price with a rebound.
8:23 of 2nd period - Snap shot by Jaden Schwartz.
8:23 of 2nd period - Stopped by Carey Price with a rebound.
8:35 of 2nd period - Yann Sauvé is hit by Henrik Zetterberg and loses puck.
8:43 of 2nd period - Slapshot by Shayne Gostisbehere.
8:43 of 2nd period - Shot Misses the Net.
8:45 of 2nd period - Snap shot by Reilly Smith.
8:45 of 2nd period - Deflect By Kyle Clifford.
8:45 of 2nd period - Stopped by Jaroslav Halak with a rebound.
9:21 of 2nd period - Wrist shot by Gustav Nyquist.
9:21 of 2nd period - Stopped by Jaroslav Halak without a rebound.
9:22 of 2nd period - Mikael Backlund wins face-off versus Sergey Kalinin in Lightning zone.
10:00 of 2nd period - Slapshot by Dougie Hamilton.
10:00 of 2nd period - Stopped by Jaroslav Halak without a rebound.
10:01 of 2nd period - Tyler Johnson wins face-off versus Nicklas Backstrom in Lightning zone.
10:01 of 2nd period - Tyler Johnson is hit by Jordan Eberle.
10:06 of 2nd period - Off-side.
10:07 of 2nd period - Nicklas Backstrom wins face-off versus Henrik Zetterberg in neutral zone.
10:16 of 2nd period - Snap shot by David Perron.
10:16 of 2nd period - Stopped by Jaroslav Halak with a rebound.
10:22 of 2nd period - Wrist shot by Henrik Zetterberg.
10:22 of 2nd period - Shot Misses the Net.
10:24 of 2nd period - Slapshot by Theo Peckham.
10:24 of 2nd period - Deflect By Henrik Zetterberg.
10:24 of 2nd period - Shot Blocked by Yann Sauvé.
10:24 of 2nd period - Puck is out of play.
10:25 of 2nd period - Mark Scheifele wins face-off versus Jean-Gabriel Pageau in Blues zone.
11:00 of 2nd period - Snap shot by David Perron.
11:00 of 2nd period - Shot Blocked by Tyler Johnson.
11:02 of 2nd period - Wrist shot by Nicklas Backstrom.
11:02 of 2nd period - Shot Blocked by Andy Rogers.
11:50 of 2nd period - Icing by Rasmus Ristolainen.
11:51 of 2nd period - Nicklas Backstrom wins face-off versus James Wright in Lightning zone.
11:54 of 2nd period - Wrist shot by David Perron.
11:54 of 2nd period - Stopped by Jaroslav Halak without a rebound.
11:55 of 2nd period - Nicklas Backstrom wins face-off versus Tyler Johnson in Lightning zone.
13:08 of 2nd period - Icing by Mikael Backlund.
13:09 of 2nd period - Mikael Backlund wins face-off versus Nicklas Backstrom in Lightning zone.
13:34 of 2nd period - Off-side.
13:35 of 2nd period - Jean-Gabriel Pageau wins face-off versus Mark Scheifele in neutral zone.
13:45 of 2nd period - Double Minor Penalty to Kris Versteeg for High sticking.
13:46 of 2nd period - Tyler Johnson wins face-off versus Nicklas Backstrom in Lightning zone.
14:22 of 2nd period - Snap shot by Sergei Shirokov.
14:22 of 2nd period - Shot Misses the Net.
15:25 of 2nd period - Icing by Jordan Eberle.
15:26 of 2nd period - Mark Scheifele wins face-off versus Jordan Eberle in Blues zone.
15:27 of 2nd period - Wrist shot by Henrik Zetterberg.
15:27 of 2nd period - Shot Misses the Net.
15:41 of 2nd period - Snap shot by Filip Forsberg.
15:41 of 2nd period - Stopped by Jaroslav Halak without a rebound.
15:42 of 2nd period - Tyler Johnson wins face-off versus Jean-Gabriel Pageau in Lightning zone.
15:59 of 2nd period - Slapshot by Jake Gardiner.
15:59 of 2nd period - Stopped by Jaroslav Halak with a rebound.
17:45 of 2nd period - Penalty to Kris Versteeg is over, Kris Versteeg is back on ice.
18:21 of 2nd period - Andy Rogers is hit by Kyle Clifford and loses puck.
19:31 of 2nd period - Simon Gagné is hit by Jaden Schwartz and loses puck.
19:51 of 2nd period - Cody Ceci is hit by James Wright and loses puck.
Goals for this period are 0 for Lightning vs 0 for Blues.
Shots for this period are 5 for Lightning vs 10 for Blues.

3rd period


0:01 of 3rd period - Nicklas Backstrom wins face-off versus Tyler Johnson in neutral zone.
0:22 of 3rd period - Minor Penalty to Justin Schultz for Hooking.
0:23 of 3rd period - Nicklas Backstrom wins face-off versus Tyler Johnson in Lightning zone.
0:34 of 3rd period - Slapshot by Andy Rogers.
0:34 of 3rd period - Deflect By Tyler Johnson.
0:34 of 3rd period - Stopped by Carey Price with a rebound.
1:01 of 3rd period - Snap shot by Sergei Shirokov.
1:01 of 3rd period - Stopped by Jaroslav Halak with a rebound.
2:22 of 3rd period - Penalty to Justin Schultz is over, Justin Schultz is back on ice.
2:40 of 3rd period - Slapshot by Mikael Backlund.
2:40 of 3rd period - Shot Misses the Net.
3:46 of 3rd period - Daniel Carcillo is hit by Sergey Kalinin and loses puck.
4:12 of 3rd period - Slapshot by Rasmus Ristolainen.
4:12 of 3rd period - Shot Blocked by Yann Sauvé.
4:14 of 3rd period - Slapshot by Rasmus Ristolainen.
4:14 of 3rd period - Goal by Rasmus Ristolainen - Lightning : 2 - Blues : 1.
4:15 of 3rd period - Tyler Johnson wins face-off versus Nicklas Backstrom in neutral zone.
4:23 of 3rd period - Slapshot by Henrik Zetterberg.
4:23 of 3rd period - Shot Blocked by Shayne Gostisbehere.
4:25 of 3rd period - Snap shot by Tyler Johnson.
4:25 of 3rd period - Shot Misses the Net.
4:29 of 3rd period - Slapshot by Henrik Zetterberg.
4:29 of 3rd period - Shot Misses the Net.
4:31 of 3rd period - Slapshot by Andy Rogers.
4:31 of 3rd period - Deflect By Nicklas Backstrom.
4:31 of 3rd period - Stopped by Carey Price without a rebound.
4:32 of 3rd period - Mark Scheifele wins face-off versus Jean-Gabriel Pageau in Blues zone.
5:03 of 3rd period - Snap shot by Henrik Zetterberg.
5:03 of 3rd period - Stopped by Carey Price without a rebound.
5:04 of 3rd period - Nicklas Backstrom wins face-off versus Tyler Johnson in Blues zone.
5:13 of 3rd period - Wrist shot by Nicklas Backstrom.
5:13 of 3rd period - Deflect By Jordan Eberle.
5:13 of 3rd period - Stopped by Jaroslav Halak with a rebound.
5:15 of 3rd period - Slapshot by Shayne Gostisbehere.
5:15 of 3rd period - Shot Misses the Net.
5:40 of 3rd period - Kris Versteeg is hit by Filip Forsberg and loses puck.
6:22 of 3rd period - Off-side.
6:23 of 3rd period - Nicklas Backstrom wins face-off versus Mark Scheifele in neutral zone.
7:01 of 3rd period - Backhand shot by Tyler Johnson.
7:01 of 3rd period - Deflect By Henrik Zetterberg.
7:01 of 3rd period - Stopped by Carey Price with a rebound.
7:03 of 3rd period - Snap shot by Tyler Johnson.
7:03 of 3rd period - Shot Blocked by Shayne Gostisbehere.
7:13 of 3rd period - Sergey Kalinin is hit by Mikael Backlund and loses puck.
7:40 of 3rd period - Snap shot by Mikael Backlund.
7:40 of 3rd period - Shot Blocked by Dougie Hamilton.
7:54 of 3rd period - Wrist shot by Simon Gagné.
7:54 of 3rd period - Stopped by Jaroslav Halak without a rebound.
7:55 of 3rd period - Tyler Johnson wins face-off versus Nicklas Backstrom in Lightning zone.
7:55 of 3rd period - Tyler Johnson is hit by Nicklas Backstrom.
7:58 of 3rd period - Minor Penalty to Nikita Kucherov for Interference.
7:59 of 3rd period - Nicklas Backstrom wins face-off versus Tyler Johnson in Lightning zone.
8:09 of 3rd period - Snap shot by David Perron.
8:09 of 3rd period - Deflect By Jordan Eberle.
8:09 of 3rd period - Shot Misses the Net.
8:09 of 3rd period - Puck is out of play.
8:10 of 3rd period - Tyler Johnson wins face-off versus Nicklas Backstrom in Lightning zone.
8:24 of 3rd period - Icing by Jake Gardiner.
8:25 of 3rd period - Tyler Johnson wins face-off versus Nicklas Backstrom in Blues zone.
8:38 of 3rd period - Wrist shot by Tyler Johnson.
8:38 of 3rd period - Stopped by Carey Price without a rebound.
8:39 of 3rd period - Tyler Johnson wins face-off versus Nicklas Backstrom in Blues zone.
9:14 of 3rd period - Slapshot by Alex Pietrangelo.
9:14 of 3rd period - Goal by Alex Pietrangelo - Lightning : 2 - Blues : 2.
9:15 of 3rd period - Tyler Johnson wins face-off versus Nicklas Backstrom in neutral zone.
9:17 of 3rd period - Off-side.
9:18 of 3rd period - Nicklas Backstrom wins face-off versus Tyler Johnson in neutral zone.
9:25 of 3rd period - Justin Schultz is hit by Nicklas Backstrom and loses puck.
9:36 of 3rd period - Nikita Kucherov is hit by Nicklas Backstrom and loses puck.
9:51 of 3rd period - Wrist shot by Jaden Schwartz.
9:51 of 3rd period - Stopped by Carey Price with a rebound.
9:53 of 3rd period - Wrist shot by Jaden Schwartz.
9:53 of 3rd period - Stopped by Carey Price without a rebound.
9:54 of 3rd period - Jean-Gabriel Pageau wins face-off versus Mark Scheifele in Blues zone.
10:28 of 3rd period - Snap shot by David Perron.
10:28 of 3rd period - Shot Blocked by Justin Schultz.
10:34 of 3rd period - Snap shot by Jordan Eberle.
10:34 of 3rd period - Stopped by Jaroslav Halak without a rebound.
10:35 of 3rd period - Mark Scheifele wins face-off versus Tomas Plekanec in Lightning zone.
10:45 of 3rd period - Icing by Alex Pietrangelo.
10:46 of 3rd period - Tomas Plekanec wins face-off versus Tyler Johnson in Blues zone.
10:55 of 3rd period - Slapshot by Alex Pietrangelo.
10:55 of 3rd period - Shot Misses the Net.
11:12 of 3rd period - Tomas Plekanec is hit by Daniel Carcillo and loses puck.
11:19 of 3rd period - Snap shot by Daniel Carcillo.
11:19 of 3rd period - Shot Misses the Net.
11:21 of 3rd period - Slapshot by Rasmus Ristolainen.
11:21 of 3rd period - Stopped by Carey Price without a rebound.
11:22 of 3rd period - Nicklas Backstrom wins face-off versus Tyler Johnson in Blues zone.
11:55 of 3rd period - Snap shot by Jean-Gabriel Pageau.
11:55 of 3rd period - Shot Misses the Net.
11:57 of 3rd period - Minor Penalty to Rasmus Ristolainen for Interference.
11:58 of 3rd period - Nicklas Backstrom wins face-off versus Tyler Johnson in Lightning zone.
12:36 of 3rd period - Slapshot by Alex Pietrangelo.
12:36 of 3rd period - Deflect By Sergei Shirokov.
12:36 of 3rd period - Goal by Sergei Shirokov - Lightning : 2 - Blues : 3.
12:37 of 3rd period - Nicklas Backstrom wins face-off versus Tyler Johnson in neutral zone.
12:43 of 3rd period - Icing by Nikita Kucherov.
12:44 of 3rd period - Henrik Zetterberg wins face-off versus Nicklas Backstrom in Lightning zone.
13:34 of 3rd period - Slapshot by Alex Pietrangelo.
13:34 of 3rd period - Deflect By David Perron.
13:34 of 3rd period - Stopped by Jaroslav Halak without a rebound.
13:35 of 3rd period - Jean-Gabriel Pageau wins face-off versus Tyler Johnson in Lightning zone.
13:48 of 3rd period - Slapshot by Rasmus Ristolainen.
13:48 of 3rd period - Shot Blocked by Sergei Shirokov.
13:50 of 3rd period - Wrist shot by Henrik Zetterberg.
13:50 of 3rd period - Deflect By Tyler Johnson.
13:50 of 3rd period - Shot Blocked by Jake Gardiner.
13:50 of 3rd period - Puck is out of play.
13:51 of 3rd period - Mark Scheifele wins face-off versus Kyle Clifford in Blues zone.
15:40 of 3rd period - Wrist shot by Tyler Johnson.
15:40 of 3rd period - Deflect By Nikita Kucherov.
15:40 of 3rd period - Shot Misses the Net.
15:40 of 3rd period - Puck is out of play.
15:41 of 3rd period - Nicklas Backstrom wins face-off versus Henrik Zetterberg in Blues zone.
15:45 of 3rd period - Minor Penalty to Nikita Kucherov for Elbowing.
15:46 of 3rd period - Nicklas Backstrom wins face-off versus Tyler Johnson in Lightning zone.
15:58 of 3rd period - Andy Rogers is hit by Jordan Eberle and loses puck.
16:25 of 3rd period - Snap shot by Mark Scheifele.
16:25 of 3rd period - Goal by Mark Scheifele - Lightning : 3 - Blues : 3.
16:26 of 3rd period - Tyler Johnson wins face-off versus Nicklas Backstrom in neutral zone.
16:35 of 3rd period - Off-side.
16:36 of 3rd period - Tyler Johnson wins face-off versus Nicklas Backstrom in neutral zone.
16:41 of 3rd period - Snap shot by Andy Rogers.
16:41 of 3rd period - Stopped by Carey Price with a rebound.
16:51 of 3rd period - Wrist shot by Nicklas Backstrom.
16:51 of 3rd period - Stopped by Jaroslav Halak without a rebound.
16:52 of 3rd period - Tyler Johnson wins face-off versus David Perron in Lightning zone.
17:01 of 3rd period - Slapshot by Alex Pietrangelo.
17:01 of 3rd period - Stopped by Jaroslav Halak with a rebound.
17:03 of 3rd period - Snap shot by Jordan Eberle.
17:03 of 3rd period - Goal by Jordan Eberle - Lightning : 3 - Blues : 4.
17:04 of 3rd period - Tomas Plekanec wins face-off versus James Wright in neutral zone.
17:29 of 3rd period - Henrik Zetterberg is hit by David Perron and loses puck.
17:54 of 3rd period - Snap shot by Filip Forsberg.
17:54 of 3rd period - Shot Misses the Net.
17:56 of 3rd period - Wrist shot by Sergei Shirokov.
17:56 of 3rd period - Shot Misses the Net.
17:58 of 3rd period - Snap shot by Shayne Gostisbehere.
17:58 of 3rd period - Shot Blocked by Nikita Kucherov.
18:00 of 3rd period - Wrist shot by Filip Forsberg.
18:00 of 3rd period - Shot Misses the Net.
18:02 of 3rd period - Snap shot by Filip Forsberg.
18:02 of 3rd period - Shot Misses the Net.
18:11 of 3rd period - Off-side.
18:12 of 3rd period - James Wright wins face-off versus Nicklas Backstrom in neutral zone.
18:47 of 3rd period - Lightning , Jaroslav Halak is pulled from the net.
18:51 of 3rd period - Snap shot by Mark Scheifele.
18:51 of 3rd period - Stopped by Carey Price with a rebound.
19:31 of 3rd period - Snap shot by Jordan Eberle.
19:31 of 3rd period - Deflect By Sergey Kalinin.
19:31 of 3rd period - Goal by Sergey Kalinin - Lightning : 3 - Blues : 5.
19:31 of 3rd period - Jaroslav Halak from Lightning was sent back in the game.
19:32 of 3rd period - Nicklas Backstrom wins face-off versus James Wright in neutral zone.
19:34 of 3rd period - Alex Pietrangelo is hit by Rasmus Ristolainen and loses puck.
19:43 of 3rd period - Snap shot by David Perron.
19:43 of 3rd period - Shot Misses the Net.
19:51 of 3rd period - Minor Penalty to Daniel Carcillo for Holding.
19:52 of 3rd period - Tyler Johnson wins face-off versus Nicklas Backstrom in Lightning zone.
Goals for this period are 2 for Lightning vs 4 for Blues.
Shots for this period are 12 for Lightning vs 11 for Blues.